 Dungeon Crawl Stone Soup version 0.19.0-2-gae57169 (webtiles) character file.

845 Leibowitz the Chopper (level 7, -5/57 HPs)
             Began as a Demigod Gladiator on Nov 5, 2016.
             Shot with an arrow by a centaur (9 damage)
             ... on level 5 of the Dungeon.
             The game lasted 00:16:36 (5915 turns).

Leibowitz the Chopper (Demigod Gladiator)           Turns: 5915, Time: 00:16:36

Health: -5/57      AC:  7    Str: 20    XL:     7   Next: 40%
Magic:  9/9        EV: 14    Int: 12    God:
Gold:   201        SH:  0    Dex: 18    Spells: 0 memorised, 6 levels left

rFire  . . .     SeeInvis +     a - +0 war axe
rCold  . . .     Gourm    .     b - +0 leather armour
rNeg   . . .     Faith    .     (no shield)
rPois  .         Spirit   .     c - +0 helmet
rElec  .         Reflect  .     i - +1 cloak
rCorr  .         Harm     .     p - +0 pair of gloves
MR     .....                    (no boots)
Stlth  ++........               (no amulet)
                                (no ring)
                                o - ring of see invisible

@: hasted, very quick
A: high mp 1
a: no special abilities


You were on level 5 of the Dungeon.
You were very hungry.

You visited 1 branch of the dungeon, and saw 5 of its levels.

You collected 201 gold pieces.

Inventory:

Hand Weapons
 a - a +0 war axe (weapon)
Missiles
 d - a throwing net (quivered)
 h - 17 poisoned needles
Armour
 b - a +0 leather armour (worn)
 c - a +0 helmet (worn)
 i - a +1 cloak (worn)
 p - a +0 pair of gloves (worn)
Jewellery
 j - an uncursed ring of fire
 o - a ring of see invisible (left hand)
Scrolls
 g - 5 scrolls of identify
 n - 3 scrolls of remove curse
Books
 m - a book of Minor Magic

   Spells                             Type                      Level
   a - Magic Dart                     Conjuration                  1
   b - Blink                          Translocation                2
   c - Call Imp                       Summoning                    2
   d - Repel Missiles                 Charms/Air                   2
   e - Slow                           Hexes                        2
   f - Conjure Flame                  Conjuration/Fire             3
   g - Mephitic Cloud                 Conjuration/Poison/Air       3
Comestibles
 f - 5 bread rations
 k - 3 meat rations
 l - 4 fruits


   Skills:
 + Level 3.6 Fighting
 + Level 6.1 Axes
 + Level 2.0 Throwing
 + Level 3.0 Armour
 + Level 3.8 Dodging
 + Level 1.4 Stealth


You had 6 spell levels left.
You didn't know any spells.

Dungeon Overview and Level Annotations

Branches:
Dungeon (5/15)
 Temple: D:4-7


Innate Abilities, Weirdness & Mutations

You have an increased reservoir of magic. (+10% MP)


Message History

The centaur unwields an uncursed shortbow.
The centaur hits the bush but does no damage.
The centaur wields an uncursed shortbow.
The centaur shoots an arrow.
The arrow hits you.
You see here an arrow.
The centaur shoots an arrow.
The arrow closely misses you.
The centaur shoots an arrow.
The arrow hits you but does no damage.
You see here an arrow.
The centaur shoots an arrow.
The arrow hits you!
You see here an arrow.
You hit the bush but do no damage. You hit the bush.
You hit the bush but do no damage.
The centaur shoots an arrow.
The arrow hits you!
* * * LOW HITPOINT WARNING * * *
The centaur shoots an arrow.
The arrow hits you.
* * * LOW HITPOINT WARNING * * *
Okay, then.
Okay, then.
You feel yourself speed up.
The centaur shoots an arrow.
The arrow hits you!
You die...

##### ######...#
###...PPP..#* #....PP....,*
#.#.PP_PP.#,********* #
##.#.PPPcP@#,,,,,,,,,*
#######..#.(PPPP(##***,,,,,*
..........(..(.(.(#***,,,,,*
################.....#,,,,,**
.# #####...,,,,,** .#
**#..,,,,,** .######
*,.,,,*,,** ......#
*,,,,,**,,* ...##>###
*,,,,,***,*


You could see a centaur.

Vanquished Creatures
  The ghost of Leibowitz the Skirmisher, an amateur DgFi (D:4)
  2 phantoms (D:4)
  Blork the orc (D:4)
  A scorpion (D:5)
  2 hounds (D:4)
  Crazy Yiuf (D:3)
  Terence (D:3)
  An iguana (D:4)
  A worker ant (D:4)
  8 gnolls (D:4)
  8 adders
  4 oozes
  2 dart slugs
  7 leopard geckos
  8 bats
  4 giant cockroaches
  10 hobgoblins
  4 jackals (D:4)
  11 kobolds
  2 quokkas (D:4)
  5 frilled lizards
  6 goblins
  A quokka skeleton (D:4)
  7 rats
  A plant (D:1)
99 creatures vanquished.

Notes
Turn   | Place    | Note
-------+----------+-------------------------------------------
     0 | D:1      | Leibowitz the Demigod Gladiator began the quest for the Orb.
     0 | D:1      | Reached XP level 1. HP: 17/17 MP: 3/3
   156 | D:1      | Reached skill level 3 in Axes
   156 | D:1      | Reached XP level 2. HP: 19/24 MP: 4/4
  1048 | D:1      | Reached XP level 3. HP: 24/29 MP: 5/5
  1712 | D:2      | Reached skill level 1 in Armour
  1721 | D:2      | Reached XP level 4. HP: 24/36 MP: 6/6
  1989 | D:2      | Found a blossoming altar of Fedhas.
  2017 | D:2      | Reached skill level 4 in Axes
  2138 | D:2      | Found a shattered altar of Ashenzari.
  2656 | D:3      | Noticed Terence
  2678 | D:3      | HP: 1/37 [Terence/trident (6)]
  2680 | D:3      | Killed Terence
  3119 | D:3      | Found a runed door.
  3337 | D:3      | Noticed Crazy Yiuf
  3346 | D:3      | Killed Crazy Yiuf
  3346 | D:3      | Reached XP level 5. HP: 42/42 MP: 7/7
  3481 | D:4      | Noticed Edmund
  3633 | D:4      | Noticed Leibowitz's ghost (amateur DgFi)
  3751 | D:4      | Noticed Blork the orc
  3767 | D:4      | Killed Blork the orc
  3767 | D:4      | Reached skill level 1 in Stealth
  3997 | D:4      | Noticed a phantom
  4016 | D:4      | Reached XP level 6. HP: 43/50 MP: 8/8
  4327 | D:4      | Reached skill level 5 in Axes
  5007 | D:4      | Killed Leibowitz's ghost
  5007 | D:4      | Reached XP level 7. HP: 16/57 MP: 9/9
  5241 | D:4      | Reached skill level 6 in Axes
  5634 | D:5      | Entered Level 5 of the Dungeon
  5902 | D:5      | Found a blossoming altar of Fedhas.
  5915 | D:5      | Shot with an arrow by a centaur

Skill      XL: |  1  2  3  4  5  6  7 |
---------------+----------------------+-----
Axes           | 3 4 5 6 |  6.1
Dodging        | 3 |  3.8
Throwing       | 2 |  2.0
Fighting       | 2 3 |  3.6
Armour         | 1 2 3 |  3.0
Stealth        | 1 |  1.4

Action                   |  1- 3 |  4- 6 |  7- 9 || total
-------------------------+-------+-------+-------++-------
Melee: War axe           |   119 |   213 |    40 ||   372
Throw: Throwing net      |       |     3 |       ||     3
  Use: Scroll            |       |     6 |     1 ||     7
       Potion            |       |     5 |     1 ||     6
 Stab: Sleeping          |     2 |     1 |     1 ||     4
       Held in net/web   |       |     2 |       ||     2
  Eat: Chunk             |     3 |     7 |     1 ||    11
       Beef jerky        |       |     2 |       ||     2
       Fruit             |       |       |     1 ||     1
Armor: Leather armour    |    33 |    60 |    10 ||   103
Dodge: Dodged            |    72 |   139 |    28 ||   239
